 Dungeon Crawl Stone Soup version 0.19.1 (webtiles) character file.

700 JeffiDaFish the Shield-Bearer (level 7, -2/44 HPs)
             Began as a Gargoyle Fighter on Dec 10, 2016.
             Slain by an ogre
             ... wielding a +0 giant spiked club
              (8 damage)
             ... on level 4 of the Dungeon.
             The game lasted 00:13:04 (3463 turns).

JeffiDaFish the Shield-Bearer (Gargoyle Fighter)    Turns: 3463, Time: 00:13:05

Health: -2/44      AC: 14    Str: 19    XL:     7   Next: 65%
Magic:  7/7        EV:  8    Int:  9    God:
Gold:   248        SH: 10    Dex: 11    Spells: 0 memorised, 6 levels left

rFire  + . .     SeeInvis .     a - +0 flail
rCold  + . .     Gourm    .     b - +0 scale mail
rNeg   + . .     Faith    .     c - +0 shield
rPois  ∞         Spirit   .     (no helmet)
rElec  +         Reflect  .     (no cloak)
rCorr  .         Harm     .     i - +1 pair of gloves
MR     .....                    (no boots)
Stlth  ..........               (no amulet)
                                k - ring of protection from cold
                                e - ring of protection from fire

@: no status effects
A: negative energy resistance 1, electricity resistance, unbreathing,
petrification resistance, rot immunity, AC +4
a: no special abilities


You were on level 4 of the Dungeon.
You were not hungry.

You visited 1 branch of the dungeon, and saw 4 of its levels.

You collected 248 gold pieces.

Inventory:

Hand Weapons
 a - a +0 flail (weapon)
Armour
 b - a +0 scale mail (worn)
 c - a +0 shield (worn)
 i - a +1 pair of gloves (worn)
Jewellery
 e - a ring of protection from fire (left hand)
 k - a ring of protection from cold (right hand)
Scrolls
 l - a scroll of teleportation
Potions
 j - a potion of cancellation
 m - a potion of heal wounds
Comestibles
 d - 2 chunks of flesh
 f - 3 bread rations
 g - 2 fruits
 h - a beef jerky


   Skills:
 + Level 4.4 Fighting
 + Level 5.2 Maces & Flails
 + Level 4.2 Armour
 + Level 2.5 Dodging
 + Level 5.4 Shields


You had 6 spell levels left.
You didn't know any spells.

Dungeon Overview and Level Annotations

Branches:
Dungeon (4/15)
 Temple: D:4-7

Altars:
Dithmenos
Elyvilon
Gozag
Sif Muna
Trog
Uskayaw
Yredelemnul
The Shining One


Innate Abilities, Weirdness & Mutations

You are resistant to torment.
Your stone body is resilient. (AC +4)
You are immune to poison.
You resist negative energy. (rN+)
You are resistant to electric shocks. (rElec)
You can survive without breathing.
You are immune to petrification.
You are immune to rotting.


Message History

The ogre hits you with a giant spiked club!
You barely miss the ogre.
The ogre is heavily wounded.
The quokka bites you but does no damage.
The quokka bites you.
* * * LOW HITPOINT WARNING * * *
You sock the ogre!
The ogre is almost dead.
The ogre hits you with a giant spiked club!
* * * LOW HITPOINT WARNING * * *
You hit the ogre but do no damage.
The ogre is almost dead.
You block the ogre's attack.
You hit the ogre.
The ogre is almost dead.
You block the ogre's attack.
You hit the ogre but do no damage.
The ogre is almost dead.
The ogre hits you with a giant spiked club!
You die...

............##..........
.........#...(.........#
.........###..........
..........# #......##
..........# #......#
..........# #....#
#.........# #r.###
##.......## #O##
###....## #####@#
##..#####.....#
######)..........#####
.....))...)#.........#
....######.....##..#.#
...## ##....#.....#
....# #..........##
....# ##...#...#..#
...## ##..#..##..#####


You could see an ogre and a quokka.

Vanquished Creatures
  The ghost of HAWKINGL3623 the Bolt Thrower, an amateur CeHu (D:4)
  An ogre (D:4)
  A howler monkey (D:4)
  A hound (D:4)
  A gnoll shaman (D:4)
  2 orc wizards (D:4)
  A centaur skeleton (D:3)
  A worker ant (D:4)
  Robin (D:4)
  8 gnolls (D:4)
  8 adders
  An ooze (D:2)
  2 worms (D:2)
  6 dart slugs (D:1)
  3 leopard geckos (D:1)
  7 orcs (D:4)
  5 bats
  A giant cockroach (D:4)
  5 hobgoblins
  9 jackals
  10 kobolds
  2 quokkas (D:3)
  2 ball pythons
  7 frilled lizards
  19 goblins
  6 rats
111 creatures vanquished.

Notes
Turn   | Place    | Note
-------+----------+-------------------------------------------
     0 | D:1      | JeffiDaFish the Gargoyle Fighter began the quest for the Orb.
     0 | D:1      | Reached XP level 1. HP: 14/14 MP: 1/1
   112 | D:1      | Reached XP level 2. HP: 18/19 MP: 2/2
   381 | D:1      | Reached XP level 3. HP: 23/24 MP: 3/3
   960 | D:2      | Reached XP level 4. HP: 16/29 MP: 4/4
  1107 | D:2      | Found a shadowy altar of Dithmenos.
  1255 | D:2      | Found a basalt altar of Yredelemnul.
  1773 | D:3      | Found an opulent altar of Gozag.
  1952 | D:3      | Reached XP level 5. HP: 30/33 MP: 5/5
  2014 | D:3      | Found a white marble altar of Elyvilon.
  2332 | D:4      | Noticed Robin
  2417 | D:3      | Reached skill level 1 in Dodging
  2572 | D:4      | Killed Robin
  2626 | D:4      | Noticed HAWKINGL3623's ghost (amateur CeHu)
  2662 | D:4      | Killed HAWKINGL3623's ghost
  2662 | D:4      | Reached XP level 6. HP: 17/38 MP: 6/6
  2826 | D:4      | Reached skill level 5 in Shields
  2935 | D:4      | Reached XP level 7. HP: 41/43 MP: 7/7
  3143 | D:4      | HP: 1/43 [ogre/giant spiked club (23)]
  3147 | D:4      | Reached skill level 5 in Maces & Flails
  3158 | D:4      | Found a bloodstained altar of Trog.
  3158 | D:4      | Found a deep blue altar of Sif Muna.
  3166 | D:4      | Found a glowing golden altar of the Shining One.
  3405 | D:4      | Found a hide-covered altar of Uskayaw.
  3463 | D:4      | Slain by an ogre

Skill      XL: |  1  2  3  4  5  6  7 |
---------------+----------------------+-----
Shields        | 4 5 |  5.4
Maces & Flails | 3 4 5 |  5.2
Dodging        | 1 2 |  2.5
Fighting       | 4 |  4.4
Armour         | 4 |  4.2

Action                   |  1- 3 |  4- 6 |  7- 9 || total
-------------------------+-------+-------+-------++-------
Melee: Flail             |   146 |   300 |    95 ||   541
  Use: Potion            |     3 |     3 |     1 ||     7
       Scroll            |     2 |     6 |       ||     8
  Eat: Chunk             |       |     8 |     2 ||    10
Armor: Scale mail        |   110 |   215 |    42 ||   367
Dodge: Dodged            |    45 |   128 |    16 ||   189
Block: Shield            |    98 |   201 |    52 ||   351
